 Dungeon Crawl Stone Soup version 0.31-a0-188-g5e087ee2ca (webtiles) character file.

Game seed: 14233078005220481235

102 qw the Shooter (level 4, 0/25 HPs)
             Began as a Deep Elf Hunter on June 23, 2023.
             Succumbed to a gnoll's poison
             ... on level 2 of the Dungeon.
             The game lasted 00:00:42 (1759 turns).

qw the Shooter (Deep Elf Hunter)                    Turns: 1759, Time: 00:00:43

Health: 0/25       AC: 10    Str:  9 (10) XL:     4   Next: 50%
Magic:  6/6        EV: 10    Int: 11 (14) God:
Gold:   127        SH:  0    Dex: 17 (18) Spells: 3/3 levels left

rFire   . . .        Y - +0 arbalest (elec)
rCold   . . .        (shield currently unavailable)
rNeg    . . .        g - +0 ring mail
rPois   .            a - +0 helmet
rElec   .            (no cloak)
rCorr   .            (no gloves)
SInv    .            (no boots)
Will    .....        (no amulet)
Stlth   +            e - +4 ring of protection
HPRegen 0.24/turn    (no ring)
MPRegen 0.10/turn

%: no passive effects
@: lethally poisoned (0 -> -4)
A: no striking features
a: no special abilities


You were on level 2 of the Dungeon.
You visited 1 branch of the dungeon, and saw 3 of its levels.

You collected 127 gold pieces.


   Skills:
 - Level 1.5 Fighting
 + Level 7.9 Ranged Weapons
 - Level 2.4 Dodging
 - Level 1.2 Stealth


You had 3 spell levels left.
You didn't know any spells.
Your spell library was empty.

Inventory:

Hand Weapons
 Y - a +0 arbalest of electrocution (weapon)
Armour
 a - a +0 helmet (worn)
 g - a +0 ring mail (worn)
Jewellery
 e - a +4 ring of protection (left hand)
Scrolls
 d - a scroll of identify
Potions
 b - a potion of mutation {unknown}

Dungeon Overview and Level Annotations

Branches:
Dungeon (3/15)

Altars:


Message History

(D) Dungeon
Where to? (* - list waypoints, Enter - D:2, ? - help)
What level of the Dungeon? (default 1, ? - help)
There is a stone staircase leading down here.
You climb downwards.
The gnoll shouts! x2; You hear a shout!
You hear an angry hiss.
The gnoll shouts!
You hear an angry hiss.
Found a ring mail.
There is a stone staircase leading up here.
There are monsters nearby!
Waypoint 2 assigned to D:3.
You shoot a bolt. The bolt closely misses the gnoll.
A gnoll comes into view. It is wielding a +0 halberd.
An adder comes into view.
You shoot a bolt. The bolt closely misses the gnoll.
The gnoll barely misses you.
You shoot a bolt. The bolt barely misses the gnoll.
A frilled lizard comes into view.
The gnoll hits you with a +0 club.
The gnoll hits you from afar with a +2 spear of venom.
You are poisoned.
The gnoll hits you but does no damage.
You are more poisoned.
The gnoll hits you but does no damage.
1755 ||| STAIRDANCE You feel very sick.
The gnoll barely misses you. The gnoll closely misses you.
The gnoll misses you. The gnoll closely misses you.
The adder closely misses you.
You climb upwards.
You feel very sick.
There is a stone staircase leading down here.
You shoot a bolt. The bolt hits the gnoll.
The gnoll is heavily wounded.
You feel very sick. The gnoll hits you but does no damage.
The gnoll barely misses you.
You shoot a bolt. The bolt hits the gnoll.
The gnoll is almost dead.
You feel sick. The gnoll misses you. The gnoll hits you with a +0 club.
The gnoll barely misses you. The gnoll hits you with a +0 club.
You shoot a bolt. The bolt barely misses the gnoll.
You die...

..## ##.#......##...###### ...#
######..#......####.# ...##
#......##.......# #.###
....####.#######.......###...##
....##..?# #####..###....##..##
.......### #......###..#####?.##
.....### ####.####.#....# ###..#
.....# #....###g...##.####.....
.....#####.#....@g##.##..##......
###..........#######.###.#.......
#.....#).### #.###.........
###.....##########..#.}........
###...............###............
....#.#..########.....}...}......
.................................
.####.###.###########...<........
.# ##.# #.# #............


You could see 2 gnolls.

Vanquished Creatures
  3 adders (D:2)
  2 worms (D:2)
  2 dart slugs
  4 bats
  7 endoplasms
  4 giant cockroaches
  10 goblins
  7 hobgoblins
  2 jackals (D:1)
  3 quokkas (D:1)
  A ball python (D:1)
  4 frilled lizards
  7 kobolds
  4 rats
60 creatures vanquished.

Notes
Turn   | Place    | Note
-------+----------+-------------------------------------------
     0 | D:1      | qw the Deep Elf Hunter began the quest for the Orb.
     0 | D:1      | Reached XP level 1. HP: 12/12 MP: 3/3
     0 | D:1      | 0 ||| qw: Version: 0.3-a-9-g12657ce
     0 | D:1      | 0 ||| qw: Game counter: 4144
     0 | D:1      | 0 ||| qw: Always use a shield: true
     0 | D:1      | 0 ||| qw: God list: Okawaru
     0 | D:1      | 0 ||| qw: Allow faded altars: false
     0 | D:1      | 0 ||| qw: Do Orc after D:15 true
     0 | D:1      | 0 ||| qw: Do second Lair branch before Depths: true
     0 | D:1      | 0 ||| qw: Lair rune preference: random
     0 | D:1      | 0 ||| qw: Plans: Normal
     0 | D:1      | 0 ||| PLANNING D:1-11
   100 | D:1      | Found a faded altar of an unknown god.
   179 | D:1      | Reached XP level 2. HP: 16/16 MP: 4/4
   186 | D:1      | Reached skill level 6 in Ranged Weapons
   226 | D:1      | You fall into a shaft and drop 1 floor!
   321 | D:2      | Reached XP level 3. HP: 17/20 MP: 5/5
   356 | D:2      | 356 ||| UPGRADING to +0 ring mail.
   372 | D:2      | 372 ||| DROPPING +0 leather armour.
   373 | D:2      | 373 ||| UPGRADING to +4 ring of protection.
   374 | D:2      | 374 ||| READING scroll labelled KUOFEE NUWNIC.
   375 | D:2      | 375 ||| READING scroll labelled FEUFADEANA.
   376 | D:2      | 376 ||| DROPPING scroll of butterflies.
   378 | D:2      | 378 ||| Stepping ~*~*~tactically~*~*~ (cloud).
   381 | D:2      | HP: 5/20 [poisoned by you (poison gas)]
   385 | D:2      | HP: 2/20 [poisoned by you (poison gas)]
   468 | D:2      | 468 ||| FLEEEEING.
   469 | D:2      | 469 ||| FLEEEEING.
   470 | D:2      | 470 ||| FLEEEEING.
   471 | D:2      | 471 ||| STAIRDANCE
   493 | D:1      | Reached skill level 7 in Ranged Weapons
   975 | D:1      | 975 ||| READING scroll labelled ABOUPR PIRGHEMU.
  1295 | D:1      | 1295 ||| READING scroll labelled XALI EFAGRANI.
  1295 | D:1      | Identified a scroll of acquirement
  1295 | D:1      | 1295 ||| ACQUIRING +0 arbalest of electrocution
  1295 | D:1      | Acquired a +0 arbalest of electrocution
  1297 | D:1      | 1297 ||| SWAPPING to +0 arbalest of electrocution.
  1298 | D:1      | 1298 ||| DROPPING +0 shortbow.
  1299 | D:1      | 1299 ||| DRINKING 2 clear potions.
  1300 | D:1      | 1300 ||| DROPPING potion of degeneration.
  1343 | D:2      | 1343 ||| STAIRDANCE
  1395 | D:2      | Reached XP level 4. HP: 25/25 MP: 6/6
  1726 | D:2      | 1726 ||| UPGRADING to +0 helmet.
  1731 | D:2      | 1731 ||| READING 2 scrolls labelled BYAW KA QYSITZ.
  1732 | D:2      | 1732 ||| DROPPING scroll of fear.
  1755 | D:3      | 1755 ||| STAIRDANCE
  1758 | D:2      | HP: 6/25 [gnoll/+0 club (2)]
  1758 | D:2      | HP: 1/25 [gnoll/+0 club (5)]
  1759 | D:2      | Succumbed to a gnoll's poison

Levels and vault maps discovered:
D:1:      dpeg_arrival_morbid_curiosity, layout_basic,
          shapermc_ecumenical_altar_rom_forum, chequers_serial_rivers_room_b,
          minmay_liquid_box, minivault_19, hangedman_decor_push,
          reono_crystal_passage, dreamdust_princess_corridor,
          chequers_serial_rivers_micro_c, minmay_misc_feat_enclosed,
          minmay_pentomino_q4
D:2:      layout_rooms, grunt_ministairs_2, serial_bayou_pond_c
D:3:      layout_loops_ring, okawaru_ov_weapons_minmay, minmay_distorted

Skill      XL: |  1  2  3 |
---------------+----------+-----
Ranged Weapons | 6 7 |  7.9
Fighting       | |  1.5
Dodging        | |  2.4
Stealth        | |  1.2

Action                     |  1- 3 |  4- 6 || total
---------------------------+-------+-------++-------
   Fire: Shortbow          |    99 |       ||    99
         Arbalest          |    14 |    27 ||    41
    Use: Scroll            |     4 |     1 ||     5
         Potion            |     1 |       ||     1
 Armour: Leather armour    |     1 |       ||     1
         Ring mail         |    36 |     4 ||    40
  Dodge: Dodged            |    48 |     9 ||    57

Table legend:
 A = Non-vault XP
 B = Vault XP
 C = Vault XP percentage of total XP
 D = Non-vault monster count
 E = Vault monster count
 F = Vault count percentage of total count
                 A         B        C        D         E       F
            +---------+---------+-------+---------+---------+-------
      Total |     129 |      18 |  12.2 |      50 |      10 |  16.7
            +---------+---------+-------+---------+---------+-------
        D:1 |      49 |      16 |  24.6 |      27 |       9 |  25.0
        D:2 |      80 |       2 |   2.4 |      23 |       1 |   4.2
            +---------+---------+-------+---------+---------+-------
